 Dungeon Crawl Stone Soup version 0.30.1-9-gdf580d7c3d (webtiles) character file.

Game seed: 4429984708080602373

4115 nethackin the Carver (level 10, -6/90 HPs)
             Began as a Minotaur Berserker on Sept 26, 2023.
             Was an Elder of Trog.
             Killed by divine providence
             ... invoked by an orc priest
              (12 damage)
             ... on level 9 of the Dungeon on Sept 27, 2023.
             The game lasted 00:54:12 (3600 turns).

nethackin the Carver (Minotaur Berserker)           Turns: 3600, Time: 00:54:13

Health: -6/90      AC: 16    Str: 26    XL:     10   Next: 6%
Magic:  9/9        EV: 14    Int:  4    God:    Trog [****..]
Gold:   400        SH:  0    Dex: 10    Spells: 9/9 levels left

rFire   . . .        J - +2 great sword (freeze)
rCold   . . .        (shield currently unavailable)
rNeg    . . .        H - +0 plate armour
rPois   .            (helmet restricted)
rElec   .            (no cloak)
rCorr   .            B - +1 pair of gloves {hurl}
SInv    .            j - +0 pair of boots
Will    +....        (no amulet) Stlth
                     e - +5 ring of evasion
HPRegen 0.35/turn    q - ring of willpower
MPRegen 0.11/turn

%: no passive effects
@: no status effects
A: horns 2, retaliatory headbutt
a: Renounce Religion, Berserk, Trog's Hand, Brothers in Arms


You were on level 9 of the Dungeon.
You worshipped Trog.
Trog was greatly pleased with you.
You visited 1 branch of the dungeon, and saw 8 of its levels.

You collected 400 gold pieces.

Inventory:

Hand Weapons
 a - a +0 falchion
 m - a +0 scythe
 v - a +2 dagger of distortion
 A - a +0 whip of electrocution
 C - a +0 falchion
 I - a +0 falchion of draining
 J - a +2 great sword of freezing (weapon)
Armour
 b - a +0 animal skin
 c - a +0 buckler
 d - a +0 leather armour
 j - a +0 pair of boots (worn)
 n - a +2 robe of the Archmagi
 r - a scarf of invisibility
 t - a +0 pair of gloves
 u - a +1 leather armour of poison resistance
 B - a +1 pair of gloves of hurling (worn)
 H - a +0 plate armour (worn)
Jewellery
 e - a +5 ring of evasion (left hand)
 q - a ring of willpower (right hand)
 w - a ring of ice
 D - the ring "Fimpyhir" {Contam rPois MP+9 Str+3}
   (You found it on level 6 of the Dungeon)

   [ring of magical power]

   Str:       It affects your strength (+3).
   rPois:     It protects you from poison.
   MP:        It affects your magic capacity (+9).
   Contam:    It causes magical contamination when unequipped.
Wands
 s - a wand of mindburst (6)
 K - a wand of polymorph (7)
Scrolls
 f - 5 scrolls of identify {unknown}
 i - 2 scrolls of butterflies {unknown}
 l - 6 scrolls of fear {unknown}
 x - a scroll of fog {unknown}
 y - a scroll of poison {unknown}
 E - a scroll of blinking {unknown}
 G - a scroll of teleportation {unknown}
 L - a scroll of enchant armour {unknown}
Potions
 g - 3 potions of lignification
 h - 5 potions of curing
 k - 2 potions of flight
 o - a potion of haste
 p - 2 potions of mutation {unknown}
 F - a potion of brilliance {unknown}
 M - 2 potions of magic {unknown}


   Skills:
 + Level 8.5 Fighting
 + Level 12.8 Long Blades
 + Level 5.8 Armour
 + Level 6.1 Dodging
 - Level 1.1 Stealth
 - Level 4.0 Shields


You had 9 spell levels left.
You didn't know any spells.
Your spell library was empty.

Dungeon Overview and Level Annotations

Branches:
Dungeon (9/15)                Orc (0/2) D:9
 Temple: D:4-7         Lair: D:8-11

Altars:
Gozag
Hepliaklqana
Makhleb
Ru

Shops:
D:1 (


Innate Abilities, Weirdness & Mutations

You have a pair of horns on your head.
You reflexively headbutt those who attack you in melee.


Message History

The orc hits you but does no damage.
You hit the orc. You freeze the orc.
You kill the orc!
Trog accepts your kill.
You recover from your berserk rage.
The orc warrior barely misses you. The orc misses you.
You slice the orc!! You freeze the orc.
You kill the orc!
Trog accepts your kill. The orc warrior misses you. You furiously retaliate!
You headbutt the orc warrior. The orc closely misses you. The orc misses you.
You furiously retaliate!
You headbutt the orc!
You kill the orc!
Trog accepts your kill.
The orc warrior hits you with a +0 battleaxe.
The orc hits you but does no damage.
The orc priest invokes the aid of Beogh against you.
Beogh smites you!
* * * LOW HITPOINT WARNING * * *
Items here: ))))) [[[[ ††.
You closely miss the orc. You headbutt the orc!
You kill the orc!
Trog accepts your kill.
The orc warrior hits you with a +0 battleaxe!
* * * LOW HITPOINT WARNING * * *
The orc priest casts a cantrip, but nothing happens.
You feel much better.
Your skin stops crawling.
You feel less strong-willed. The orc hits you but does no damage.
The orc warrior hits you with a +0 battleaxe!
* * * LOW HITPOINT WARNING * * *
The orc priest invokes the aid of Beogh against you.
Beogh smites you!
* * * LOW HITPOINT WARNING * * *
The orc warrior closely misses you.
The orc warrior hits you with a +0 battleaxe.
* * * LOW HITPOINT WARNING * * *
The orc priest calls down the wrath of Beogh upon you.
Beogh smites you!
You die...

>... .......# ....
#.....# _..⌠.
#...>.# .....
#.....# 8.....
#.....# ###8'8###
#....<#
.......)####.....#
.......o)o.......#
...###'##o@......#
?.. #........#
#... #...######
#... #...# #...
+...# #### #...#
....# ......
.......#


You could see an orc warrior, an orc priest and an orc.

Vanquished Creatures
  Pikel (D:5)
  A hornet (D:8)
  Grinder (D:3)
  Sigmund (D:2)
  Grum (D:8)
  A sky beast (D:8)
  6 orc warriors
  2 wolves (D:8)
  3 phantoms (D:5)
  A lemure (D:5)
  A kobold brigand (D:8)
  3 bullfrogs
  8 wights (D:8)
  2 scorpions (D:5)
  3 howler monkeys (D:8)
  3 jellies (D:5)
  A hound (D:5)
  4 orc priests
  2 sleepcaps
  Jessica (D:2)
  2 iguanas
  Ijyb (D:3)
  6 orc wizards
  6 gnolls
  6 adders
  11 river rats (D:5)
  2 shadow imps
  3 white imps
  An ufetubus (D:5)
  2 worms (D:5)
  4 dart slugs
  24 orcs
  2 ball pythons
  7 bats
  7 endoplasms
  2 giant cockroaches
  7 goblins
  6 hobgoblins
  4 jackals
  5 kobolds
  11 quokkas
  3 frilled lizards
  22 rats
190 creatures vanquished.

Vanquished Creatures (collateral kills)
  An orc warrior (D:9)
  An orc priest (D:9)
  2 orcs (D:9)
4 creatures vanquished.

Grand Total: 194 creatures vanquished

Notes
Turn   | Place    | Note
-------+----------+-------------------------------------------
     0 | D:1      | nethackin the Minotaur Berserker began the quest for the
                  | Orb.
     0 | D:1      | Reached XP level 1. HP: 19/19 MP: 0/0
    94 | D:1      | Reached skill level 4 in Long Blades
    94 | D:1      | Reached XP level 2. HP: 27/27 MP: 1/1
   197 | D:1      | Found Eclyaclu's Weapon Boutique.
   411 | D:2      | Reached XP level 3. HP: 34/34 MP: 2/2
   415 | D:2      | Noticed Sigmund
   426 | D:2      | Killed Sigmund
   427 | D:2      | Reached skill level 5 in Fighting
   427 | D:2      | Reached skill level 5 in Long Blades
   427 | D:2      | Reached XP level 4. HP: 40/42 MP: 3/3
   427 | D:2      | Reached XP level 5. HP: 46/48 MP: 4/4
   482 | D:2      | Reached skill level 6 in Long Blades
   484 | D:2      | Reached ** piety under Trog
   499 | D:2      | Noticed Jessica
   511 | D:2      | Killed Jessica
  1087 | D:3      | Noticed Grinder
  1101 | D:3      | Killed Grinder
  1102 | D:3      | Reached skill level 7 in Long Blades
  1102 | D:3      | Reached XP level 6. HP: 48/56 MP: 5/5
  1113 | D:3      | Noticed Ijyb
  1127 | D:3      | Killed Ijyb
  1228 | D:4      | Found a hazy altar of Hepliaklqana.
  1228 | D:4      | Found a burning altar of Makhleb.
  1383 | D:4      | Reached XP level 7. HP: 62/62 MP: 6/6
  1388 | D:4      | Reached skill level 1 in Shields
  1608 | D:5      | Entered Level 5 of the Dungeon
  1691 | D:5      | Found a glowing drain.
  1833 | D:5      | Reached skill level 8 in Long Blades
  1871 | D:5      | Noticed Pikel
  1894 | D:5      | Killed Pikel
  1895 | D:5      | Reached skill level 9 in Long Blades
  1895 | D:5      | Reached XP level 8. HP: 11/71 MP: 7/7
  2232 | D:5      | Found an opulent altar of Gozag.
  2263 | D:5      | Reached skill level 5 in Dodging
  2289 | D:5      | Reached *** piety under Trog
  2379 | D:5      | Reached skill level 10 in Long Blades
  2864 | D:6      | Identified the ring "Fimpyhir" {Contam rPois MP+9 Str+3}
  2964 | D:6      | You fall into a shaft and drop 2 floors!
  3021 | D:8      | Found a sacrificial altar of Ru.
  3031 | D:8      | Reached XP level 9. HP: 79/79 MP: 8/8
  3051 | D:8      | Paralysed by a hornet for 1 turns
  3067 | D:8      | Reached skill level 1 in Stealth
  3257 | D:8      | Reached skill level 11 in Long Blades
  3320 | D:8      | Noticed Grum
  3331 | D:8      | Killed Grum
  3340 | D:8      | Reached **** piety under Trog
  3342 | D:8      | Reached skill level 5 in Armour
  3466 | D:8      | Reached skill level 12 in Long Blades
  3569 | D:9      | Reached XP level 10. HP: 58/90 MP: 9/9
  3570 | D:9      | Found a staircase to the Orcish Mines.
  3600 | D:9      | Killed from afar by an orc priest

Illustrated notes

Levels and vault maps discovered:
D:1:      scummos_arrival_star, layout_rooms, serial_shops,
          nicolae_shop_bloodbath_and_beyond
D:2:      layout_loops_ring, grunt_ministairs_9, uniq_sigmund, uniq_jessica
D:3:      layout_basic, uniq_ijyb, uniq_grinder
D:4:      layout_loops_ring, nicolae_overflow_two_pavilions
D:5:      lemuel_ratsnest, layout_cave_pods, mainiacjoe_overflow_alcove_2,
          cheibrodos_sewer_entry_bend, chequers_mini_garden,
          nicolae_fountain_basement, uniq_pikel
D:6:      layout_cave_pools, grunt_temple_overflow_magic_moments,
          dreamdust_mushroom_princess, minmay_gold_behind_fungi,
          grunt_decor_junction, sigmund_army, uniq_prince_ribbit1
D:8:      layout_layer_cave, nicolae_ru_great_annihilating_truth, uniq_grum
D:9:      minmay_slanted_spiral_squares, layout_irregular_city, david_orc_5,
          serial_ice, serial_ice_k, serial_ice_g, serial_ice_o, serial_ice_f,
          serial_ice_m, serial_ice_e, jiyva_altar_1

Skill      XL: |  1  2  3  4  5  6  7  8  9 |
---------------+----------------------------+-----
Long Blades    | 4 5 7 9 10 12 | 12.8
Fighting       | 4 5 6 7 8 |  8.5
Armour         | 3 5 |  5.8
Dodging        | 3 4 5 6 |  6.1
Shields        | 2 3 4 |  4.0
Stealth        | 1 |  1.1

Action                     |  1- 3 |  4- 6 |  7- 9 | 10-12 || total
---------------------------+-------+-------+-------+-------++-------
  Melee: Falchion          |    44 |    68 |   340 |       ||   452
         Headbutt          |     7 |    14 |    69 |     5 ||    95
         Great sword       |       |       |    68 |    11 ||    79
 Invoke: Berserk           |     2 |     3 |     8 |       ||    13
         Trog's Hand       |       |     1 |     1 |     1 ||     3
         Brothers in Arms  |       |       |       |     1 ||     1
    Use: Potion            |       |     1 |     4 |     3 ||     8
   Stab: Paralysed         |       |       |     2 |       ||     2
 Armour: Leather armour    |     9 |    15 |    42 |       ||    66
         Animal skin       |     1 |       |       |       ||     1
         Plate armour      |       |       |    62 |    15 ||    77
  Dodge: Dodged            |    32 |    50 |   270 |    31 ||   383
  Block: Buckler           |     7 |     9 |    56 |       ||    72
